 Dungeon Crawl Stone Soup version 0.23-a0-586-gacb4b3f (webtiles) character file.

14221 George the Grappler (level 11, -3/113 HPs)
             Began as a Troll Monk on Dec 18, 2018.
             Was the Champion of Cheibriados.
             Slain by a wolf spider (11 damage)
             ... on level 12 of the Dungeon.
             The game lasted 00:20:44 (8677 turns).

George the Grappler (Troll Monk)                    Turns: 8677, Time: 00:20:45

Health: -3/113     AC:  7    Str: 36    XL:     11   Next: 85%
Magic:  15/15      EV: 24    Int: 24    God:    Cheibriados [******]
Gold:   609        SH:  0    Dex: 27    Spells: 11/14 levels left

rFire    . . .     SeeInvis .     - Unarmed
rCold    . . .     Gourm    +   (no shield)
rNeg     + . .     Faith    .   E - +1 robe {rN+}
rPois    .         Spirit   .   (helmet restricted)
rElec    .         Reflect  .   v - +0 cloak
rCorr    .         Harm     .   (gloves unavailable)
MR       .....                  (boots unavailable)
Stlth    ++........             A - amulet of regeneration
HPRegen  1.08/turn              d - +1 ring of slaying
MPRegen  0.14/turn              y - +6 ring of evasion

@: lethally poisoned (-3 -> -3), very slow
A: large, unfitting armour, claws 3, fast metabolism 3, gourmand, regeneration
1, shaggy fur 1, tough skin 2
a: Bend Time, Temporal Distortion, Slouch, Step From Time, Renounce Religion


You were on level 12 of the Dungeon.
You worshipped Cheibriados.
Cheibriados was exalted by your worship.
You were full.

You visited 2 branches of the dungeon, and saw 13 of its levels.

You collected 609 gold pieces.

Inventory:

Hand Weapons
 k - the +7 trident "Wuodent" {holy, rC+++ Str+2 Int-5 Stlth-}
   (You found it on level 11 of the Dungeon)

   It has been blessed by the Shining One to cause great damage to the undead
   and demons.
   It affects your strength (+2).
   It affects your intelligence (-5).
   It renders you almost immune to cold.
   It makes you less stealthy.
 B - the +5 mace "Cojacleg" {venom, rN+ Dex+3}
   (You found it on level 5 of the Dungeon)

   It poisons the flesh of those it strikes.
   It affects your dexterity (+3).
   It protects you from negative energy.
Armour
 v - a +0 cloak (worn)
 E - a +1 robe of positive energy (worn)
Jewellery
 a - an uncursed ring of protection from magic
 d - a +1 ring of slaying (left claw)
 f - an uncursed ring of resist corrosion
 y - a +6 ring of evasion (right claw)
 A - an amulet of regeneration (around neck)
 C - an uncursed ring of wizardry
 K - an uncursed ring of magical power
 M - a +3 amulet of reflection {unknown}
Wands
 t - a wand of polymorph (18)
 H - a wand of digging (6)
 J - a wand of iceblast (8)
 L - a wand of clouds (6)
Scrolls
 c - 6 scrolls of remove curse
 i - 2 scrolls of immolation {unknown}
 j - 4 scrolls of amnesia
 m - 4 scrolls of enchant armour {unknown}
 u - 3 scrolls of teleportation {unknown}
 x - 3 scrolls of blinking {unknown}
 z - a scroll of random uselessness {unknown}
 D - a scroll of fog {unknown}
 F - 3 scrolls of noise {unknown}
 G - a scroll of enchant weapon {unknown}
 P - a scroll of identify
 Q - a scroll of magic mapping {unknown}
Potions
 e - 5 potions of flight
 g - 4 potions of might
 h - 4 potions of curing
 l - 3 potions of brilliance
 n - a potion of degeneration {unknown}
 o - 4 potions of cancellation
 p - 3 potions of heal wounds {unknown}
 q - a potion of ambrosia {unknown}
 r - a potion of magic {unknown}
 s - a potion of lignification {unknown}
 w - a potion of berserk rage {unknown}
 I - a potion of resistance {unknown}
 O - a potion of mutation {unknown}
Miscellaneous
 N - a phial of floods
Comestibles
 b - 23 rations


   Skills:
 + Level 8.6 Fighting
 + Level 8.6 Dodging
 - Level 1.0 Stealth
 + Level 10.1 Unarmed Combat
 + Level 2.0 Spellcasting
 + Level 2.4 Conjurations
 + Level 2.4 Fire Magic
 + Level 6.9 Invocations


You had 11 spell levels left.
You knew the following spells:

 Your Spells              Type           Power        Failure   Level  Hunger
a - Conjure Flame         Conj/Fire      ##......     13%         3    ###....

Your spell library contained the following spells:

 Spells                   Type           Power        Failure   Level  Hunger
 Flame Tongue             Conj/Fire      ##...        4%          1    #......
 Throw Flame              Conj/Fire      ##....       7%          2    ##.....
 Animate Skeleton         Necr           N/A          12%         1    #......
 Pain                     Necr           #...         12%         1    #......
 Inner Flame              Hex/Fire       #.......     22%         3    ###....
 Regeneration             Chrm/Necr      #.........   34%         3    ###....
 Vampiric Draining        Necr           #.........   34%         3    ###....
 Sticky Flame             Conj/Fire      ##......     41%         4    #####..
 Animate Dead             Necr           N/A          75%         4    #####..
 Fireball                 Conj/Fire      ##........   77%         5    ######.
 Irradiate                Conj/Tmut      #.........   90%         5    ######.
 Hydra Form               Tmut           #.........   100%        6    #######
 Statue Form              Tmut/Erth      #........    100%        6    #######
 Dragon Form              Tmut           #.........   100%        7    #######


Dungeon Overview and Level Annotations

Branches:
Dungeon (12/15)            Temple (1/1) D:6            Lair (0/6) D:8
    Orc (0/2) D:11

Altars:
Ashenzari
Cheibriados
Dithmenos
Elyvilon
Fedhas
Gozag
Hepliaklqana
Kikubaaqudgha
Makhleb
Nemelex Xobeh
Okawaru
Qazlal
Ru
Sif Muna
Trog
Uskayaw
Vehumet
Wu Jian
Xom
Yredelemnul
Zin
The Shining One

Shops:
D:4 *   D:6 [   D:7 *


Innate Abilities, Weirdness & Mutations

You are too large for most types of armour.
You have claws for hands.
Your metabolism is lightning-fast.
You like to eat raw meat.
Your natural rate of healing is unusually fast.
You are covered in fur. (AC +1)
You have very tough skin. (AC +2)


Message History

You feel sick. The wolf spider hits you! The wolf spider closely misses you.
You scratch the wolf spider.
The wolf spider is moderately wounded.
The wolf spider closely misses you. The wolf spider completely misses you.
The tengu warrior hits you from afar with a +2 halberd of flaming!
* * * LOW HITPOINT WARNING * * *
The tengu warrior burns you.
* * * LOW HITPOINT WARNING * * *
Okay, then.
As you read the scroll labeled KOIGHYCVEG, it crumbles to dust.
It is a scroll of amnesia.
Okay, then.
The wolf spider misses you. The wolf spider bites you!
* * * LOW HITPOINT WARNING * * *
The tengu warrior hits you from afar with a +2 halberd of flaming.
* * * LOW HITPOINT WARNING * * *
The tengu warrior burns you.
* * * LOW HITPOINT WARNING * * *
The wolf spider closely misses you. The wolf spider bites you!
You die...

##### ## ##
#...# #. .
#.### .#.
...## ...
....# ##.##
...## ## #$(/
#.##
#?op#######
#.# #DQs@((.#
#.#
#co.#####.#
#.### ##
#$Z$#.# ....#
##.##.# #####
...#.# #
.#.#.# #. .#.#
######
#######.######
#.##.# #...#
#......#


You could see a storm dragon, a yaktaur captain (wandering), a hell knight, a
tengu warrior, a wolf spider, a bullfrog simulacrum and 2 orcs.

Vanquished Creatures
  Harold (D:11)
  A centaur warrior (D:12)
  A two-headed ogre (D:11)
  Nergalle (D:11)
  The ghost of confidenceinterval the Caller, a novice GnSu (D:6)
  An oklob plant (D:10)
  A cyclops (D:11)
  An ugly thing (D:12)
  Psyche (D:7)
  A komodo dragon (shapeshifter) (D:12)
  A komodo dragon (D:12)
  3 trolls
  2 hippogriffs
  3 wraiths
  Sigmund (D:6)
  3 yaks (D:10)
  A human (D:8)
  Menkaure (D:6)
  4 hogs (D:8)
  A hungry ghost (D:11)
  Edmund (D:5)
  7 porcupines (D:8)
  4 sky beasts
  An eye of draining (D:11)
  2 orc warriors
  3 ice beasts
  3 phantoms
  2 necrophages
  6 centaurs
  8 ogres
  A big kobold (D:10)
  11 bullfrogs
  A gnoll sergeant (D:8)
  2 scorpions
  A water moccasin skeleton (D:11)
  A howler monkey (D:6)
  7 crimson imps
  A centaur zombie (D:10)
  2 hounds
  2 centaur skeletons
  5 orc priests
  5 quasits (D:6)
  Crazy Yiuf (D:5)
  3 jellies
  13 orc wizards
  A bullfrog skeleton (D:6)
  3 iguanas (D:8)
  Ijyb (D:5)
  7 worker ants
  A hound zombie (D:8)
  A hound skeleton (D:7)
  A howler monkey zombie (D:8)
  2 worker ant zombies
  10 gnolls
  A howler monkey skeleton (D:4)
  9 adders
  6 shadow imps
  4 worms
  6 dart slugs
  4 leopard geckos
  32 orcs
  6 giant cockroaches
  5 goblins
  5 hobgoblins
  11 jackals
  15 kobolds
  4 quokkas
  A ball python (D:3)
  9 bats
  11 frilled lizards
  A jackal skeleton (D:7)
  A quokka skeleton (D:4)
  A quokka zombie (D:5)
  10 rats
292 creatures vanquished.

Vanquished Creatures (others)
  7 fungi (D:8)
  A plant (D:8)
8 creatures vanquished.

Grand Total: 300 creatures vanquished

Notes
Turn   | Place    | Note
-------+----------+-------------------------------------------
     0 | D:1      | George the Troll Monk began the quest for the Orb.
     0 | D:1      | Reached XP level 1. HP: 22/22 MP: 0/0
   116 | D:1      | Reached XP level 2. HP: 20/29 MP: 1/1
   357 | D:1      | Reached XP level 3. HP: 36/36 MP: 2/2
   948 | D:2      | Reached XP level 4. HP: 45/45 MP: 3/3
  1322 | D:3      | Reached skill level 4 in Unarmed Combat
  1355 | D:3      | Reached XP level 5. HP: 39/53 MP: 4/4
  1533 | D:3      | Found a faded altar of an unknown god.
  2180 | D:4      | Found an ornate altar of the Wu Jian Council.
  2185 | D:4      | Found a hide-covered altar of Uskayaw.
  2239 | D:4      | Reached XP level 6. HP: 62/62 MP: 5/5
  2463 | D:4      | Found Xiumnely's Assorted Antiques.
  2647 | D:5      | Entered Level 5 of the Dungeon
  2652 | D:5      | Reached skill level 5 in Unarmed Combat
  2714 | D:5      | Reached XP level 7. HP: 55/70 MP: 6/6
  2774 | D:5      | Found a white marble altar of Elyvilon.
  2832 | D:5      | Noticed Ijyb
  2835 | D:5      | Noticed Edmund
  2837 | D:5      | Killed Ijyb
  2853 | D:5      | Killed Edmund
  2970 | D:5      | Reached skill level 5 in Fighting
  2970 | D:5      | Reached skill level 5 in Dodging
  2970 | D:5      | Reached skill level 6 in Unarmed Combat
  2979 | D:5      | You fall through a shaft!
  3037 | D:5      | Reached XP level 8. HP: 52/80 MP: 7/7
  3422 | D:5      | Found a runed door.
  3426 | D:5      | Noticed Crazy Yiuf
  3432 | D:5      | Killed Crazy Yiuf
  3446 | D:5      | Got a transparent mace
  3449 | D:5      | Got a faintly glowing mace
  3450 | D:5      | Identified the +5 mace "Cojacleg" {venom, rN+ Dex+3} (You
                  | found it on level 5 of the Dungeon)
  3451 | D:5      | Identified the cursed +3 mace of Yleityl {speed, *Drain
                  | rC++ Dex+5} (You found it on level 5 of the Dungeon)
  3569 | D:6      | Noticed Menkaure
  3577 | D:6      | Killed Menkaure
  3650 | D:6      | Found Wyosomn's Antique Armour Shop.
  3651 | D:6      | Found a staircase to the Ecumenical Temple.
  3660 | Temple   | Entered the Ecumenical Temple
  3718 | Temple   | Became a worshipper of Cheibriados the Contemplative
  3718 | Temple   | Reached * piety under Cheibriados
  3718 | Temple   | Reached ** piety under Cheibriados
  3999 | D:6      | Reached skill level 1 in Invocations
  4134 | D:6      | Found a transporter.
  4135 | D:6      | Noticed confidenceinterval's ghost (novice GnSu)
  4147 | D:6      | Found a transporter.
  4163 | D:6      | Found a shattered altar of Ashenzari.
  4500 | D:6      | Noticed Sigmund
  4505 | D:6      | Killed Sigmund
  4505 | D:6      | Reached skill level 7 in Unarmed Combat
  4578 | D:6      | Found a burning altar of Makhleb.
  4578 | D:6      | Noticed a green death
  4836 | D:6      | Killed confidenceinterval's ghost
  4836 | D:6      | Reached XP level 9. HP: 67/89 MP: 8/10
  4915 | D:7      | Reached *** piety under Cheibriados
  5108 | D:7      | Found a sacrificial altar of Ru.
  5159 | D:7      | Reached skill level 8 in Unarmed Combat
  5199 | D:7      | Found Zin's Purification Station.
  5199 | D:7      | Found a glowing silver altar of Zin.
  5299 | D:7      | Found an opulent altar of Gozag.
  5442 | D:8      | Noticed Psyche
  5451 | D:8      | Reached **** piety under Cheibriados
  5456 | D:7      | Killed Psyche
  5456 | D:7      | Reached XP level 10. HP: 68/102 MP: 12/12
  5554 | D:8      | Found a staircase to the Lair.
  5575 | D:8      | Reached skill level 5 in Invocations
  5635 | D:8      | Reached ***** piety under Cheibriados
  5774 | D:8      | Reached skill level 9 in Unarmed Combat
  6363 | D:9      | Found a radiant altar of Vehumet.
  6581 | D:10     | Entered Level 10 of the Dungeon
  6722 | D:10     | Reached XP level 11. HP: 104/111 MP: 14/14
  6783 | D:10     | Learned a level 3 spell: Conjure Flame
  6783 | D:10     | Noticed an oklob plant
  6988 | D:10     | Found an ancient bone altar of Kikubaaqudgha.
  7182 | D:10     | Found a shattered altar of Ashenzari.
  7188 | D:10     | Killed an oklob plant
  7426 | D:11     | Reached skill level 1 in Fire Magic
  7568 | D:11     | Got a pitted trident
  7569 | D:11     | Identified the +7 trident "Wuodent" {holy, rC+++ Str+2
                  | Int-5 Stlth-} (You found it on level 11 of the Dungeon)
  7621 | D:11     | Noticed Harold
  7652 | D:11     | Killed Harold
  7652 | D:11     | Reached skill level 1 in Spellcasting
  7652 | D:11     | Reached skill level 1 in Conjurations
  7666 | D:11     | Noticed Nergalle
  7677 | D:11     | Killed Nergalle
  7715 | D:11     | Noticed a two-headed ogre
  7720 | D:11     | Killed a two-headed ogre
  7882 | D:11     | Found a staircase to the Orcish Mines.
  8072 | D:12     | Reached ****** piety under Cheibriados
  8250 | D:12     | Reached skill level 10 in Unarmed Combat
  8309 | D:12     | Found a sacrificial altar of Ru.
  8410 | D:12     | Noticed a brown ugly thing
  8419 | D:12     | Killed a brown ugly thing
  8653 | D:12     | Noticed a centaur warrior
  8654 | D:12     | Noticed a tengu warrior
  8654 | D:12     | Noticed a wolf spider
  8655 | D:12     | Noticed a storm dragon
  8664 | D:12     | Killed a centaur warrior
  8674 | D:12     | Noticed a hell knight
  8677 | D:12     | Slain by a wolf spider

Vault maps used:
D:1:      grunt_arrival_crossed_arrows
D:2:      minmay_skewed_foursquare
D:3:      first_ration, chequers_ecumenical_altar_island
D:4:      minitemple, serial_shops, kennysheep_little_box
D:5:      lemuel_round_altar, uniq_edmund, uniq_crazy_yiuf_cottage, uniq_ijyb
D:6:      makhleb_altar_promises_db, ashenzari_altar_1,
          minmay_temple_entry_large_hall, gammafunk_ghost_stat_death,
          serial_shops, shop, uniq_sigmund, uniq_menkaure
D:7:      kennysheep_mini, grunt_gozag_statues, zin_purify
D:8:      due_lair_maze_entry_diamond, grunt_livestock, uniq_psyche
D:9:      fiery_altar_vehumet, serial_curves, eino_curves_03, eino_curves_01,
          minmay_crystal_room
D:10:     basic_altar, lemuel_oklob_altar
D:11:     orc_0_dummy, dk_noncrumbling_3, uniq_nergalle, uniq_harold
D:12:     minmay_guarded_unrand_guard, nicolae_ru_sacrificial_ziggurat
Temple:   nicolae_temple_figure_eight

Skill      XL: |  1  2  3  4  5  6  7  8  9 10 11 |
---------------+----------------------------------+-----
Fighting       | 3 4 5 6 7 8 |  8.6
Dodging        | 3 4 5 6 7 8 |  8.6
Unarmed Combat | 4 5 6 7 8 9 10 | 10.1
Invocations    | 2 4 6 |  6.9
Fire Magic     | 2 |  2.4
Spellcasting   | 2 |  2.0
Conjurations   | 2 |  2.4
Stealth        | |  1.0

Action                   |  1- 3 |  4- 6 |  7- 9 | 10-12 || total
-------------------------+-------+-------+-------+-------++-------
Melee: Unarmed           |    86 |   170 |   260 |   347 ||   863
       Punch             |     2 |     2 |    16 |    20 ||    40
  Use: Scroll            |       |       |     1 |     8 ||     9
 Stab: Sleeping          |     3 |     1 |     3 |     4 ||    11
       Distracted        |       |       |       |     2 ||     2
  Eat: Chunk             |    14 |    16 |    20 |    20 ||    70
Armor: Robe              |    32 |    40 |    72 |    40 ||   184
       Skin              |       |       |       |     1 ||     1
Dodge: Dodged            |    44 |    84 |   183 |   356 ||   667

Table legend:
 A = Non-vault XP
 B = Vault XP
 C = Vault XP percentage of total XP
 D = Non-vault monster count
 E = Vault monster count
 F = Vault count percentage of total count
                 A         B        C        D         E       F
            +---------+---------+-------+---------+---------+-------
      Total |   12292 |    8025 |  39.5 |     257 |      35 |  12.0
            +---------+---------+-------+---------+---------+-------
        D:1 |      58 |       0 |   0.0 |      24 |       0 |   0.0
        D:2 |      68 |       6 |   8.1 |      23 |       4 |  14.8
        D:3 |     107 |       0 |   0.0 |      28 |       0 |   0.0
        D:4 |     320 |       0 |   0.0 |      19 |       0 |   0.0
        D:5 |     874 |     242 |  21.7 |      23 |       3 |  11.5
        D:6 |     465 |    1365 |  74.6 |      13 |       8 |  38.1
        D:7 |    1223 |     424 |  25.7 |      24 |       1 |   4.0
        D:8 |    1644 |    2025 |  55.2 |      41 |      13 |  24.1
        D:9 |     936 |       0 |   0.0 |      15 |       0 |   0.0
       D:10 |    1739 |     587 |  25.2 |      20 |       1 |   4.8
       D:11 |    3701 |    1780 |  32.5 |      22 |       2 |   8.3
       D:12 |    1157 |    1596 |  58.0 |       5 |       3 |  37.5
            +---------+---------+-------+---------+---------+-------
